Map: Dusk Towers

Players

morcegao

  • Race: Terran Terran
  • League: Diamond

LilDicky - Winner!

  • Race: Terran Terran
  • League: Diamond

VOD

http://www.twitch.tv/tumescentpie

Description

Time

  • Played on: Dec. 4, 2015, 10:16 a.m.
  • Length: 10:31
Show
View Real Time Build Order
Export as new Build Order

morcegao Terran 

Build Orders: 1/1/1 

Get SALT Encoding   

  12  0:01  SCV  
  13  0:13  SCV  
  14  0:18  Supply Depot  
  14  0:26  Refinery  
  14  0:28  SCV  
  15  0:40  SCV  
  16  0:46  Barracks  
  16  0:53  SCV  
  17  0:59  Refinery  
  17  1:05  SCV  
  18  1:17  SCV  
  19  1:39  Factory  
  19  1:40  Orbital Command  
  19  1:43  Marine  
  20  2:01  Supply Depot  
  20  2:06  SCV  
  20  2:07  Marine  
  22  2:23  SCV  
  22  2:27  Starport  
  23  2:31  Marine  
  23  2:34  Factory Tech Lab  
  24  2:37  SCV  
  25  2:44  Supply Depot  
  25  2:49  Marine  
  25  2:50  SCV  
  27  2:56  Siege Tank  
  30  3:05  Medivac  
  32  3:18  Engineering Bay  
  32  3:19  Marine  
  33  3:31  Supply Depot, Siege Tank  
  36  3:37  Medivac  
  38  3:45  Marine  
  39  3:51  Missile Turret  
  39  3:53  Supply Depot  
  39  4:04  Barracks Reactor  
  39  4:05  Widow Mine  
  41  4:21  Viking  
  43  4:36  Missile Turret  
  43  4:59  Siege Tank  
  42  5:00  Marine x2  
  34  5:22  Orbital Command  
  26  5:59  SCV  
  27  6:05  Banshee  
  27  6:17  Orbital Command  
  25  6:49  Cloaking Field  
  25  6:58  Viking  
  25  7:13  SCV  
  23  7:25  SCV  
  16  8:49  SCV  
  16  9:02  Refinery  
  16  9:37  SCV  
  14  9:43  Refinery  
  14  9:48  Viking  
  14  9:49  SCV  
  16  10:01  SCV  
  17  10:09  Missile Turret  
Show
View Real Time Build Order
Export as new Build Order

LilDicky Terran - Winner!

Build Orders:  

Get SALT Encoding   

  12  0:02  SCV  
  13  0:14  SCV  
  14  0:18  Supply Depot  
  14  0:26  SCV  
  15  0:40  SCV  
  16  0:43  Refinery  
  16  0:45  Barracks  
  16  0:52  SCV  
  17  1:04  SCV  
  18  1:16  SCV  
  19  1:28  SCV  
  20  1:36  Reaper  
  20  1:37  Supply Depot  
  21  1:40  Orbital Command  
  21  1:43  Refinery  
  21  2:05  Factory  
  21  2:16  Command Center  
  20  2:24  SCV  
  20  2:25  Barracks Reactor  
  21  2:38  Marine  
  21  2:39  SCV  
  22  2:51  SCV, Factory Tech Lab  
  23  2:53  Starport  
  23  2:56  Marine  
  24  3:03  SCV  
  25  3:15  SCV  
  25  3:17  Siege Tank  
  29  3:23  Marine  
  30  3:27  SCV  
  30  3:29  Orbital Command  
  30  3:31  Refinery, Medivac  
  33  3:39  SCV  
  33  3:41  Marine  
  35  3:51  SCV  
  35  3:53  Siege Tank  
  39  3:58  Marine  
  39  4:00  SCV, Engineering Bay  
  41  4:06  Starport Tech Lab  
  41  4:15  SCV  
  42  4:25  Cloaking Field  
  42  4:26  Banshee  
  45  4:35  Supply Depot  
  45  4:36  Missile Turret  
  45  4:38  SCV  
  46  4:40  SCV, Siege Tank  
  50  4:50  SCV  
  31  5:24  Banshee  
  23  5:56  Siege Tank, Orbital Command  
  23  6:11  SCV  
  24  6:23  SCV x2  
  26  6:35  SCV  
  27  6:43  SCV  
  25  6:47  SCV  
  25  6:49  Viking  
  28  6:56  SCV  
  28  6:57  Missile Turret  
  28  6:58  Missile Turret  
  28  6:59  SCV  
  30  7:13  SCV  
  30  7:15  Marine  
  29  7:30  Starport Tech Lab  
  29  7:32  SCV  
  29  7:33  Marine  
  31  7:44  SCV  
  31  7:45  SCV, Supply Depot  
  33  7:51  Barracks  
  33  7:52  Barracks  
  33  7:53  Barracks  
  33  8:19  Marine  
  34  8:22  Banshee  
  35  8:35  Missile Turret  
  35  8:37  Marine  
  35  8:40  Refinery, Missile Turret  
  35  8:41  Marine x3  
  36  8:53  SCV x2  
  36  8:55  Marine  
  39  8:58  Siege Tank, Marine  
  39  8:59  Marine x2  
  45  9:04  Refinery  
  45  9:05  SCV  
  45  9:06  Missile Turret  
  45  9:08  SCV  
  47  9:12  Marine  
  47  9:16  Marine x3  
  49  9:18  SCV  
  49  9:22  Viking  
  53  9:30  Marine  
  52  9:34  Marine x3  
  55  9:48  Marine  
  56  9:57  SCV  
  57  10:01  SCV  
  57  10:03  Marine  
  57  10:04  Marine x2  
Tags
 
Add a new tag
Caveats
  • Supply blocks, unpowered buildings, or Contaminate may cause inaccurate times.
  • Supply counts are checked every 10 seconds.